 Dungeon Crawl Stone Soup version 0.30-a0-634-g8abc85282e (webtiles) character file.

Game seed: 8653985363221407093

7173 kae the Transmogrifier (level 10, -1/78 HPs)
             Began as a Demonspawn Transmuter on Jan 14, 2023.
             Was a Priest of Makhleb.
             Slain by a troll (7 damage)
             ... on level 11 of the Dungeon.
             The game lasted 00:11:53 (9326 turns).

kae the Transmogrifier (Demonspawn Transmuter)      Turns: 9326, Time: 00:11:53

Health: -1/78      AC: 13    Str: 19    XL:     10   Next: 86%
Magic:  15/19      EV: 10    Int: 23    God:    Makhleb [***...]
Gold:   1556       SH:  4    Dex: 13    Spells: 4/21 levels left

rFire   x . .      SeeInvis .      - Unarmed
rCold   + + +      Faith    .    (shield currently unavailable)
rNeg    . . .      Spirit   .    (body armour currently unavailable)
rPois   +          Reflect  .    (helmet currently unavailable)
rElec   .          Harm     .    (cloak currently unavailable)
rCorr   .          Rampage  .    (gloves unavailable)
Will    .....                    (boots currently unavailable)
Stlth   +                        g - amulet of regeneration
HPRegen 1.13/turn                S - +6 ring of strength
MPRegen 0.16/turn                I - +6 ring of intelligence

@: ice-form, wereblooded
A: freezing attack, amphibious, boosted hp, large, foul stench 1, icemail 1,
condensation shield, (demonic touch 3)
a: End Transformation, Renounce Religion, Minor Destruction, Lesser Servant of
Makhleb


You were on level 11 of the Dungeon.
You worshipped Makhleb.
Makhleb was most pleased with you.
You were a creature of crystalline ice.
You visited 2 branches of the dungeon, and saw 12 of its levels.
You also visited: Sewer.

You collected 2755 gold pieces.
You spent 1199 gold pieces at shops.


Innate Abilities, Weirdness & Mutations

You are a creature of crystalline ice.
You have a powerful freezing melee attack.
You are amphibious.
Your maximum health is increased.
Your armour is entirely melded.
You are incapable of wielding weapons or throwing items.
You may rarely emit foul miasma when damaged in melee.
A meltable icy envelope protects you from harm. (AC +4)
A meltable shield of frost defends you. (SH +4)
((Your touch may irresistibly damage your foes and sap their willpower.))


   Skills:
 - Level 1.0 Fighting
 - Level 1.7 Dodging
 + Level 6.7 Unarmed Combat
 + Level 6.4 Spellcasting
 * Level 8.9 Transmutations
 - Level 6.0 Ice Magic
 * Level 4.7 Air Magic
 - Level 1.6 Poison Magic
 + Level 6.5 Invocations


You had 4 spell levels left.
You knew the following spells:

 Your Spells              Type           Power      Damage    Failure   Level
a - Beastly Appendage     Tmut           96%        N/A       1%          1
b - Wereblood             Tmut           48%        N/A       1%          2
c - Spider Form           Tmut/Pois      31%        N/A       2%          3
d - Ice Form              Ice/Tmut       41%        N/A       3%          4
e - Storm Form            Tmut/Air       19%        N/A       99%         7

Your spell library contained the following spells:

 Spells                   Type           Power      Damage    Failure   Level
 Shock                    Conj/Air       72%        1d7       3%          1
 Poisonous Vapours        Pois/Air       44%        N/A       3%          2
 Cigotuvi's Dreadful Rot  Necr/Pois/Air  34%        N/A       5%          2
 Kiss of Death            Conj/Necr      28%        2d7       9%          1
 Mephitic Cloud           Conj/Pois/Air  17%        N/A       11%         3
 Scorch                   Fire           14%        2d5       12%         2
 Confusing Touch          Hex            7%         N/A       24%         3
 Cause Fear               Hex            3%         N/A       63%         4
 Dispel Undead            Necr           7%         3d8       63%         4
 Flame Wave               Conj/Fire      7%         2d5       63%         4
 Lightning Bolt           Conj/Air       9%         1d21      65%         5
 Silence                  Hex/Air        9%         N/A       65%         5
 Dragon Form              Tmut           24%        N/A       87%         7
 Summon Cactus Giant      Summ           3%         N/A       100%        6
 Dragon's Call            Summ           3%         N/A       100%        9

Inventory:

Missiles
 c - 95 stones
 j - 11 atropa-tipped darts
 q - 3 datura-tipped darts
 r - a curare-tipped dart {=f}
 t - 23 poisoned darts
 y - 3 boomerangs
Armour
 a - a +1 robe (melded)
Magical Staves
 v - a staff of conjuration {!a}
   (You found it on level 3 of the Dungeon)
Jewellery
 g - an amulet of regeneration (around neck)
   (You found it on level 6 of the Dungeon)
 I - a +6 ring of intelligence (right front paw)
   (You found it on level 9 of the Dungeon)
 L - a ring of flight
   (You found it on level 7 of the Dungeon)
 N - a ring of positive energy
   (You found it on level 4 of the Dungeon)
 S - a +6 ring of strength (left front paw)
   (You found it on level 1 of the Dungeon)
Wands
 C - a wand of charming (10)
   (You found it on level 5 of the Dungeon)
Scrolls
 f - 2 scrolls of vulnerability {!r!r}
 h - 3 scrolls of blinking {!r}
 n - 3 scrolls of brand weapon
 o - 4 scrolls of silence {!r}
 s - 3 scrolls of poison {!r}
 u - 4 scrolls of teleportation {@r4}
 x - 3 scrolls of amnesia
 B - 3 scrolls of enchant armour
 E - a scroll of magic mapping {!r}
 F - 2 scrolls of noise {!r}
 J - a scroll of enchant weapon
 K - 4 scrolls of identify {@r1}
Potions
 b - 2 potions of lignification {!q}
 d - 10 potions of curing {@q1}
 e - 2 potions of flight
 i - 3 potions of mutation {!q}
 k - 2 potions of magic {unknown}
 l - 5 potions of heal wounds {@q2}
 m - 3 potions of invisibility {unknown}
 p - 2 potions of might
 w - 2 potions of cancellation {unknown}
 z - 2 potions of resistance {unknown}
 A - 2 potions of haste {unknown}
 D - a potion of attraction {!q}
 G - a potion of berserk rage {!q}
 H - a potion of brilliance {unknown}

Dungeon Overview and Level Annotations

Branches:
Dungeon (11/15) Zot: 26819  Temple (1/1) D:4 Zot: 5922    Lair (0/5) D:8
    Orc (0/2) D:9           Sewer (visited)

Altars:
Ashenzari
Cheibriados
Dithmenos
Fedhas
Gozag
Hepliaklqana
Kikubaaqudgha
Makhleb
Nemelex Xobeh
Okawaru
Qazlal
Ru
Sif Muna
Trog
Uskayaw
Vehumet
Wu Jian
Xom
Yredelemnul

Shops:
D:2 *   D:6 *   D:7 *   D:8 :

Annotations:
D:9 1 runed translucent door, Torious's ghost, novice DECj

#.....# #..<..#
#...#.....#
#...#.....#######
#...#...........#
+###...#...........#
.......#...........#
.......#...........+
.......#Y..........#
.....ccTy..........#
......c#...........#
..##...#...........#
#...#.......^...
....y#..........
......##+###....
....... ... .......
..


You could see a troll, a vampire mosquito and 3 centaurs.


Message History

You lost 2 mp, and now have 13/19 mp.
You closely miss the vampire mosquito.
You block the vampire mosquito's attack.
The vampire mosquito bites you but does no damage.
You pummel the vampire mosquito!! You freeze the vampire mosquito.
The vampire mosquito bites you but does no damage.
The vampire mosquito closely misses you. x2
You block the vampire mosquito's attack. 😎 HP[+2] MP[+1]
Your hp is fully restored (78).
You closely miss the vampire mosquito.
You block the vampire mosquito's attack.
The vampire mosquito bites you but does no damage.
The vampire mosquito barely misses you.
You hit the vampire mosquito. You freeze the vampire mosquito.
You destroy the vampire mosquito!
Makhleb accepts your kill. The vampire mosquito bites you.
The vampire mosquito draws strength from your injuries!
The centaur hits you but does no damage.
The centaur kicks you but does no damage. 😕 HP[-6]
You take 6 damage, and now have 72/78 hp.
The centaur shouts!
You punch the centaur! You freeze the centaur.
The vampire mosquito closely misses you.
The centaur hits you but does no damage.
The centaur kicks you but does no damage.
The vampire mosquito bites you.
The vampire mosquito draws strength from your injuries!
You emit a cloud of foul miasma!
You punch the centaur! You freeze the centaur.
You feel a bit better.
You kill the centaur!
Makhleb accepts your kill.
You feel better. The vampire mosquito bites you.
The vampire mosquito draws strength from your injuries!
A centaur comes into view.
The centaur wields a +0 shortbow of freezing.
It is covered in frost.
The centaur shoots an arrow.
You block the arrow.
The centaur wields a +0 shortbow.
The centaur shoots an arrow.
The arrow hits you but does no damage.
You block the vampire mosquito's attack. 😕 HP[+3]
You regained 3 hp, and now have 75/78 hp.
The centaur shouts!
You punch the troll! You freeze the troll. The vampire mosquito bites you.
The vampire mosquito draws strength from your injuries!
The troll bites you!
The troll claws you but does no damage. x2
The vampire mosquito closely misses you.
You hit the troll. You freeze the troll.
The vampire mosquito bites you but does no damage.
The troll bites you but does no damage.
The troll claws you but does no damage. x2 😕 HP[-12]
You take 12 damage, and now have 63/78 hp.
You hit the troll but do no damage.
The vampire mosquito bites you but does no damage.
The vampire mosquito bites you.
The vampire mosquito draws strength from your injuries!
The troll bites you but does no damage. The troll closely misses you.
The troll claws you!
You are too injured to fight recklessly! 😮 HP[-13] MP[+1]
You take 13 damage, and now have 50/78 hp.
You are too injured to fight recklessly!
You are too injured to fight recklessly!
You are too injured to fight recklessly!
You are too injured to fight recklessly!
Unknown command.
You closely miss the vampire mosquito. The vampire mosquito bites you.
The vampire mosquito draws strength from your injuries!
The vampire mosquito bites you.
The vampire mosquito draws strength from your injuries!
The troll bites you.
* * * LOW HITPOINT WARNING * * *
The troll barely misses you. You block the troll's attack. 😨 HP[-14]
You take 14 damage, and now have 36/78 hp.
Unknown command.
You punch the vampire mosquito! You freeze the vampire mosquito.
The vampire mosquito barely misses you. 😨 HP[+1]
You closely miss the vampire mosquito.
The vampire mosquito bites you but does no damage.
The troll barely misses you. x2; The troll claws you!
* * * LOW HITPOINT WARNING * * *
The vampire mosquito barely misses you.
Unknown command. 😨 HP[-9]
You take 9 damage, and now have 28/78 hp.
You hit the vampire mosquito. You freeze the vampire mosquito.
You howl as the wereblood boils in your veins!
The vampire mosquito bites you.
* * * LOW HITPOINT WARNING * * *
The vampire mosquito draws strength from your injuries!
The troll bites you!
* * * LOW HITPOINT WARNING * * *
The troll claws you!
* * * LOW HITPOINT WARNING * * *
The troll claws you!
You die...

Skill      XL: |  1  2  3  4  5  6  7  8  9 10 |
---------------+-------------------------------+-----
Transmutations | 2 3 4 5 6 7 8 |  8.9
Unarmed Combat | 3 4 5 6 |  6.7
Poison Magic   | 1 |  1.6
Spellcasting   | 3 4 5 6 |  6.4
Ice Magic      | 1 3 4 6 |  6.0
Invocations    | 3 4 6 |  6.5
Air Magic      | 2 4 |  4.7
Fighting       | |  1.0
Dodging        | |  1.7

Action                   |  1- 3 |  4- 6 |  7- 9 | 10-12 || total
-------------------------+-------+-------+-------+-------++-------
Melee: Unarmed           |   111 |   216 |   289 |   134 ||   750
       Kick              |    25 |    15 |       |       ||    40
       Headbutt          |    17 |    14 |       |       ||    31
       Punch             |     1 |     3 |       |       ||     4
       Touch             |       |       |     2 |     1 ||     3
 Cast: Beastly Appendage |    31 |    22 |       |       ||    53
       Spider Form       |       |    10 |     3 |       ||    13
       Wereblood         |       |     3 |     4 |     8 ||    15
       Ice Form          |       |       |    29 |    10 ||    39
  Use: Scroll            |     4 |    10 |     8 |     1 ||    23
 Stab: Sleeping          |       |     2 |       |       ||     2
       Distracted        |       |       |     1 |       ||     1
Armor: Robe              |    31 |    35 |     6 |     1 ||    73
       Skin              |       |    14 |   101 |    92 ||   207
Dodge: Dodged            |    82 |   149 |   134 |   101 ||   466
Block: Other             |    19 |    45 |    42 |    32 ||   138

Levels and vault maps discovered:
D:1:      dpeg_arrival_simpleton_a, layout_basic
D:2:      layout_rooms, serial_shops, nicolae_shop_stone, serial_forest,
          infiniplex_forest_clump_diagonal, infiniplex_forest_end_3,
          infiniplex_forest_clump_double, infiniplex_forest_diagonal,
          infiniplex_forest_clump_double
D:3:      layout_basic
D:4:      minmay_chambers_of_fours, layout_loops_cross,
          minmay_temple_entry_mini_moons, gup_sewer_entry_pipe
D:5:      layout_rooms, overflow_temple_1_default, bloody_makhleb,
          chequers_serial_rivers_small_b, uniq_duvessa, uniq_eustachio
D:6:      layout_basic, serial_shops, nicolae_shop_advertising_works
          [nicolae_subvault_shop_adworks], serial_bayou_pond_e, uniq_sigmund,
          uniq_menkaure
D:7:      layout_rooms, nicolae_ru_awakened_eye, lemuel_doored_altar,
          nicolae_tso_besieged_by_evil, grunt_decor_cap, nicolae_elemental_shop,
          uniq_crazy_yiuf_cottage
D:8:      layout_basic, lemuel_crystal_altar, lair_entry_dummy, serial_shops,
          nicolae_shop_hallway_stairs, minivault_12
D:9:      layout_loops_ring, david_orc_2, ebering_ghost_reflecting_pool
D:10:     layout_rooms, nicolae_overflow_squiral, minmay_tree_intersection
D:11:     layout_gridville, elyvilon_altar_3, uniq_erica, uniq_urug
Temple:   zaba_magenta_temple

Notes
Turn   | Place    | Note
-------+----------+-------------------------------------------
     0 | D:1      | kae the Demonspawn Transmuter began the quest for the Orb.
     0 | D:1      | Reached XP level 1. HP: 15/15 MP: 3/3
     0 | D:1      | magus.rc [v1.11.3]
   109 | D:1      | Reached skill level 2 in Transmutations
   200 | D:1      | Gained mutation: A meltable shield of frost defends you.
                  | (SH +4) [demonic ancestry]
   200 | D:1      | Reached XP level 2. HP: 19/21 MP: 3/5
   461 | D:1      | HP: 5/21 [kobold/+0 whip of freezing (1)]
   596 | D:1      | Reached skill level 3 in Unarmed Combat
   936 | D:2      | Gained mutation: A meltable icy envelope protects you from
                  | harm. (AC +4) [demonic ancestry]
   936 | D:2      | Reached XP level 3. HP: 23/26 MP: 4/6
   939 | D:2      | Learned a level 2 spell: Wereblood
   943 | D:2      | Learned a level 3 spell: Spider Form
  1086 | D:2      | You pick up a book of Scorching and begin reading...
  1086 | D:2      | You add the spells Scorch, Flame Wave and Summon Cactus
                  | Giant to your library.
  1242 | D:2      | Found Itsazife's General Store.
  1277 | D:2      | Bought a potion of curing for 33 gold pieces
  1643 | D:2      | Reached skill level 1 in Poison Magic
  1761 | D:3      | Reached XP level 4. HP: 30/32 MP: 5/7
  1807 | D:3      | Reached skill level 3 in Transmutations
  2715 | D:4      | Gained mutation: You may rarely emit foul miasma when
                  | damaged in melee. [demonic ancestry]
  2715 | D:4      | Reached XP level 5. HP: 27/37 MP: 5/9
  2723 | D:4      | Identified a scroll of acquirement
  2723 | D:4      | Acquired 1170 gold pieces
  2787 | D:4      | Noticed a black bear
  2795 | D:4      | Killed a black bear
  2796 | D:4      | Reached skill level 3 in Spellcasting
  2796 | D:4      | Reached skill level 4 in Transmutations
  2833 | D:4      | Found a glowing drain.
  2865 | Sewer    | Entered a sewer
  2908 | Sewer    | Reached XP level 6. HP: 41/43 MP: 4/10
  2955 | Sewer    | Learned a level 4 spell: Ice Form
  3150 | Sewer    | Reached skill level 1 in Ice Magic
  3399 | Sewer    | Reached skill level 4 in Unarmed Combat
  3818 | D:4      | Found a staircase to the Ecumenical Temple.
  3825 | Temple   | Entered the Ecumenical Temple
  4395 | D:4      | Gained mutation: Your touch may inflict minor irresistible
                  | damage on your foes. [demonic ancestry]
  4395 | D:4      | Reached XP level 7. HP: 48/48 MP: 12/12
  4580 | D:5      | Entered Level 5 of the Dungeon
  4580 | D:5      | Noticed Duvessa
  4580 | D:5      | Noticed Dowan
  4587 | D:5      | Killed Duvessa
  4588 | D:5      | Reached skill level 5 in Transmutations
  4588 | D:5      | Reached skill level 2 in Ice Magic
  4604 | D:5      | Killed Dowan
  4747 | D:5      | Found a burning altar of Makhleb.
  4751 | D:5      | Reached skill level 4 in Spellcasting
  4751 | D:5      | Reached skill level 3 in Ice Magic
  4778 | D:5      | Noticed Eustachio
  4789 | D:5      | Killed Eustachio
  4790 | D:5      | Gained mutation: Your touch may inflict irresistible damage
                  | on your foes. [demonic ancestry]
  4790 | D:5      | Reached XP level 8. HP: 54/54 MP: 10/14
  4810 | D:5      | Became a worshipper of Makhleb the Destroyer
  4842 | D:5      | Identified the +1 scale mail of Hedonism {Will+ Dex+3}
  4859 | D:5      | Found a bloodstained altar of Trog.
  5199 | D:6      | Reached skill level 1 in Invocations
  5213 | D:6      | Noticed Sigmund
  5228 | D:6      | Killed Sigmund
  5229 | D:6      | Reached skill level 6 in Transmutations
  5229 | D:6      | Reached skill level 4 in Ice Magic
  5266 | D:6      | Found Noegulig's General Store.
  5269 | D:6      | Reached skill level 5 in Unarmed Combat
  5269 | D:6      | Reached skill level 2 in Invocations
  5717 | D:6      | Noticed Menkaure
  5727 | D:6      | Killed Menkaure
  5728 | D:6      | Reached skill level 3 in Invocations
  5728 | D:6      | Reached XP level 9. HP: 27/59 MP: 12/16
  5800 | D:6      | Reached * piety under Makhleb
  5874 | D:6      | Reached skill level 5 in Ice Magic
  5941 | D:6      | You pick up a book of Touch and begin reading...
  5941 | D:6      | You add the spells Kiss of Death, Confusing Touch and
                  | Dispel Undead to your library.
  6046 | D:7      | Found a sacrificial altar of Ru.
  6050 | D:7      | You pick up a book of Touch and begin reading...
  6227 | D:7      | Reached skill level 5 in Spellcasting
  6326 | D:7      | Reached skill level 7 in Transmutations
  6351 | D:7      | Found a blossoming altar of Fedhas.
  6386 | D:7      | Reached skill level 4 in Invocations
  6554 | D:7      | Found a runed translucent door.
  6555 | D:7      | Noticed Crazy Yiuf
  6642 | D:7      | Found Fiukhled's Elemental Accessories.
  6723 | D:7      | Reached ** piety under Makhleb
  6726 | D:7      | Acquired 688 gold pieces
  6728 | D:7      | Acquired 339 gold pieces
  6781 | D:7      | Killed Crazy Yiuf
  6850 | D:7      | Bought the Precepts of Gusts for 660 gold pieces
  6850 | D:7      | You add the spells Shock, Lightning Bolt, Silence and Storm
                  | Form to your library.
  6858 | D:7      | Learned a level 7 spell: Storm Form
  6931 | D:8      | Found Jacab's Book Shoppe.
  6937 | D:8      | Found a staircase to the Lair.
  6977 | D:8      | Bought a book of the Dragon for 506 gold pieces
  6977 | D:8      | You pick up a book of the Dragon and begin reading...
  6977 | D:8      | You add the spells Cause Fear, Dragon Form and Dragon's
                  | Call to your library.
  7006 | D:8      | Reached skill level 1 in Air Magic
  7202 | D:8      | Reached skill level 6 in Ice Magic
  7358 | D:8      | Noticed a cyclops
  7358 | D:8      | Noticed a catoblepas
  7358 | D:8      | Noticed a two-headed ogre
  7358 | D:8      | Noticed an efreet
  7359 | D:8      | Noticed a skeletal warrior
  7359 | D:8      | Noticed a boulder beetle
  7360 | D:8      | Noticed a manticore
  7369 | D:8      | Noticed a seven-headed hydra
  7606 | D:8      | Found a basalt altar of Yredelemnul.
  7747 | D:9      | Reached skill level 2 in Air Magic
  7760 | D:9      | Reached skill level 6 in Unarmed Combat
  7760 | D:9      | Gained mutation: Your touch may irresistibly damage your
                  | foes and sap their willpower. [demonic ancestry]
  7760 | D:9      | Reached XP level 10. HP: 65/65 MP: 15/18
  7958 | D:9      | Reached skill level 5 in Invocations
  8034 | D:9      | Found a staircase to the Orcish Mines.
  8147 | D:9      | Reached skill level 8 in Transmutations
  8207 | D:9      | Reached skill level 3 in Air Magic
  8210 | D:9      | Reached *** piety under Makhleb
  8212 | D:9      | Found a runed translucent door.
  8241 | D:9      | Noticed Torious's ghost (novice DECj)
  8395 | D:9      | Identified the +0 chain mail of Dunori {Rampage rPois Str+6
                  | Dex-5}
  8521 | D:10     | Entered Level 10 of the Dungeon
  8573 | D:10     | You pick up a book of Vapours and begin reading...
  8573 | D:10     | You add the spells Poisonous Vapours, Cigotuvi's Dreadful
                  | Rot and Mephitic Cloud to your library.
  8602 | D:10     | Found an ornate altar of the Wu Jian Council.
  8645 | D:10     | Reached skill level 6 in Spellcasting
  9204 | D:11     | Reached skill level 4 in Air Magic
  9205 | D:11     | Reached skill level 6 in Invocations
  9326 | D:11     | HP: 15/78 [troll (9)]
  9326 | D:11     | HP: 6/78 [troll (9)]
  9326 | D:11     | Slain by a troll

Vanquished Creatures
  Sigmund (D:6)
  9 yaks
  Eustachio (D:5)
  A wraith (D:11)
  4 wyverns
  A steam dragon (D:6)
  Menkaure (D:6)
  A vampire mosquito (D:11)
  2 water moccasins
  Duvessa (D:5)
  An acid dragon (D:10)
  2 orc warriors
  A black bear (D:4)
  An ice beast (D:6)
  A sky beast (D:7)
  11 centaurs
  A phantom (D:6)
  4 kobold brigands
  A necrophage (D:7)
  A gnoll sergeant (D:10)
  A bullfrog (D:4)
  3 scorpions
  Dowan (D:5)
  4 wights (D:8)
  11 killer bees
  7 howler monkeys
  A crimson imp (D:7)
  4 hounds
  A jelly (D:6)
  Crazy Yiuf (D:7)
  6 orc priests
  4 iguanas
  8 orc wizards
  6 gnolls
  12 adders
  2 river rats (Sewer)
  A shadow imp (D:6)
  A white imp (D:7)
  2 worms (D:3)
  4 dart slugs
  34 orcs
  13 ball pythons
  8 endoplasms
  5 giant cockroaches
  7 goblins
  5 hobgoblins
  7 jackals
  17 kobolds
  11 quokkas
  5 bats
  9 frilled lizards
  3 goblin skeletons (D:7)
  A goblin zombie (D:7)
  3 hobgoblin zombies (D:7)
  A kobold skeleton (D:7)
  A kobold zombie (D:7)
  An orc skeleton (D:7)
  An orc zombie (D:7)
  7 rats
265 creatures vanquished.

Vanquished Creatures (others)
  11 plants
11 creatures vanquished.

Grand Total: 276 creatures vanquished

Table legend:
 A = Non-vault XP
 B = Vault XP
 C = Vault XP percentage of total XP
 D = Non-vault monster count
 E = Vault monster count
 F = Vault count percentage of total count
                 A         B        C        D         E       F
            +---------+---------+-------+---------+---------+-------
      Total |    8742 |    1506 |  14.7 |     199 |      66 |  24.9
            +---------+---------+-------+---------+---------+-------
        D:1 |      37 |       0 |   0.0 |      18 |       0 |   0.0
        D:2 |      50 |       0 |   0.0 |      22 |       0 |   0.0
        D:3 |      32 |       0 |   0.0 |      16 |       0 |   0.0
        D:4 |     256 |     122 |  32.3 |      16 |      13 |  44.8
        D:5 |     408 |     414 |  50.4 |      11 |       3 |  21.4
        D:6 |     990 |     398 |  28.7 |      22 |       2 |   8.3
        D:7 |     996 |     102 |   9.3 |      24 |      13 |  35.1
        D:8 |     930 |       0 |   0.0 |      21 |       0 |   0.0
        D:9 |    1413 |     144 |   9.2 |      19 |       6 |  24.0
       D:10 |    1950 |       0 |   0.0 |      18 |       0 |   0.0
       D:11 |    1680 |       0 |   0.0 |      12 |       0 |   0.0
      Sewer |       0 |     326 | 100.0 |       0 |      29 | 100.0
            +---------+---------+-------+---------+---------+-------

Illustrated notes

Table legend:
 A = Kills in this place as a percentage of kills in entire the game.
 B = Kills by you in this place as a percentage of kills by you in the entire game.
 C = Kills by friends in this place as a percentage of kills by friends in the entire game.
 D = Other kills in this place as a percentage of other kills in the entire game.
 E = Experience gained in this place as a percentage of experience gained in the entire game.
 F = Experience gained in this place divided by the number of levels of this place that you have seen.
                   A       B       C       D       E      F
               +-------+-------+-------+-------+-------+----------------------
         Total | 100.0 | 100.0 |   N/A |   N/A | 100.0 | 788.3
       Dungeon |  89.1 |  89.1 |   N/A |   N/A |  96.8 | 902.0
         Sewer |  10.9 |  10.9 |   N/A |   N/A |   3.2 | 326.0
               +-------+-------+-------+-------+-------+----------------------

Table legend: (Time is in decaauts)
 A = Elapsed time spent in this place.
 B = Non-inter-level travel time spent in this place.
 C = Inter-level travel time spent in this place.
 D = Time resting spent in this place.
 E = Time spent auto-exploring this place.
 F = Levels seen in this place.
 G = Mean time per level.
                   A        B        C        D        E       F      G
               +--------+--------+--------+--------+--------+-----+--------+
         Total |   9395 |   8845 |    550 |     23 |   7015 |  13 |  722.7 |
       Dungeon |   8322 |   7792 |    530 |     18 |   6236 |  11 |  756.5 |
        Temple |     77 |     58 |     19 |      0 |     53 |   1 |   77.0 |
         Sewer |    995 |    995 |      0 |      5 |    725 |   1 |  995.0 |
               +--------+--------+--------+--------+--------+-----+--------+

Top non-repeatable levels by time:
     D:4: 1055 daAuts
   Sewer: 995 daAuts
     D:3: 927 daAuts
     D:1: 925 daAuts
     D:6: 898 daAuts
     D:7: 851 daAuts
     D:8: 846 daAuts
     D:9: 773 daAuts
     D:2: 708 daAuts
    D:10: 650 daAuts
     D:5: 541 daAuts
    D:11: 143 daAuts
  Temple: 77 daAuts
